 Dungeon Crawl Stone Soup version 0.28-a0-973-ga7f8b01127 (webtiles) character file.

Game seed: 13632473441143539931

39 ragingrage the Chopper (level 3, -1/20 HPs)
             Began as a Vine Stalker Chaos Knight on Dec 1, 2021.
             Was a Plaything of Xom.
             Slain by Sigmund (2 damage)
             ... on level 2 of the Dungeon.
             The game lasted 00:01:23 (1408 turns).

ragingrage the Chopper (Vine Stalker Chaos Knight)  Turns: 1408, Time: 00:01:23

Health: -1/20      AC:  5    Str: 16    XL:     3   Next: 47%
Magic:  0/4        EV: 11    Int: 12    God:    Xom [*.....]
Gold:   65         SH:  0    Dex: 13    Spells: 2/2 levels left

rFire   . . .      SeeInvis .   a - +0 hand axe (chaos)
rCold   . . .      Faith    .   (no shield)
rNeg    . . .      Spirit   +   b - +2 leather armour
rPois   .          Reflect  .   (no helmet)
rElec   .          Harm     .   (no cloak)
rCorr   .          Rampage  .   (no gloves)
Will    +....                   (no boots)
Stlth   +.........              (no amulet)
HPRegen 0.06/turn               d - ring of willpower
MPRegen 0.09/turn               (no ring)

@: no status effects
A: fangs 2, magic shield, antimagic bite, no potion heal 2
a: Renounce Religion


You were on level 2 of the Dungeon.
You worshipped Xom.
You were a special plaything of Xom.
You visited 1 branch of the dungeon, and saw 2 of its levels.

You collected 65 gold pieces.

Inventory:

Hand Weapons
 a - a +0 hand axe of chaos (weapon)
Armour
 b - a +2 leather armour (worn)
Jewellery
 d - a ring of willpower (left hand)
Scrolls
 f - a scroll of vulnerability {unknown}
 g - 4 scrolls of fog {unknown}
 h - a scroll of amnesia {unknown}
Potions
 c - 2 potions of curing {unknown}
 e - a potion of ambrosia {unknown}


   Skills:
 + Level 3.1 Fighting
 + Level 3.1 Axes
 + Level 2.0 Armour
 + Level 1.3 Dodging


You had 2 spell levels left.
You didn't know any spells.
Your spell library was empty.

Dungeon Overview and Level Annotations

Branches:
Dungeon (2/15)

Altars:

Annotations:
D:2 1 exclusion, Sigmund


Innate Abilities, Weirdness & Mutations

You have extremely sharp teeth.
When hurt, damage is shared between your health and your magic reserves.
Your bite disrupts and absorbs the magic of your enemies.
Potions cannot restore your health.


Message History

h - a scroll labelled IBERASHR EHEY "Whee!"
Your surroundings suddenly seem different.
Your surroundings suddenly seem different.
Your surroundings suddenly seem different.
Your surroundings suddenly seem different.
Your surroundings suddenly seem different.
Your surroundings suddenly seem different.
Your surroundings suddenly seem different.
Your surroundings suddenly seem different.
A frilled lizard, a quokka, a hobgoblin and a kobold come into view.
Found a stone staircase leading up.
Your surroundings suddenly seem different.
A kobold comes into view. It is wielding a +0 dagger.
Found a flail.
Your surroundings suddenly seem different.
The frilled lizard moves out of view.
The quokka moves out of view.
The kobold moves out of view.
The hobgoblin moves out of view.
The kobold moves out of view.
Unknown command.
Unknown command.
Sigmund shouts!
Sigmund gestures wildly while chanting.
Sigmund flickers and vanishes!
Deactivating autopickup; reactivate with Ctrl-A.
Something hits you.
The kobold shouts!
The kobold throws a stone.
The stone hits you.
You hit the kobold but do no damage. Your bite misses the kobold.
The kobold completely misses you. Something hits you.
You barely miss the kobold. Your bite misses the kobold.
The kobold hits you with a +0 dagger.
You closely miss the kobold. Your bite misses the kobold. Something hits you!
Ouch! That really hurt!
* * * LOW HITPOINT WARNING * * *
The kobold barely misses you.
You hit the kobold. You freeze the kobold.
You kill the kobold!
The kobold turns into a zombie!
Something hits you.
You die...

#.......b...#############.##
#......##..###..<...........
######..#.##...##########...
#.....†### #### ####......
#.....###> ### ##.....#
######...).
###......#####........
#..........@Z..#######
#........#########
####.......... ...
#.....##### .. #######
#.##### #.....# #####....
#####


You could see a friendly kobold zombie.

Vanquished Creatures
  A worm (D:2)
  A ball python (D:1)
  8 bats
  An endoplasm (D:1)
  3 giant cockroaches (D:2)
  5 goblins (D:1)
  5 hobgoblins
  2 quokkas
  A frilled lizard (D:1)
  2 kobolds
  5 rats
34 creatures vanquished.

Notes
Turn   | Place    | Note
-------+----------+-------------------------------------------
     0 | D:1      | ragingrage the Vine Stalker Chaos Knight began the quest
                  | for the Orb.
     0 | D:1      | Reached XP level 1. HP: 11/11 MP: 2/2
   154 | D:1      | XOM: silly message
   215 | D:1      | XOM: 5-stop teleportation journey
   251 | D:1      | XOM: silly message
   338 | D:1      | XOM: confusion
   371 | D:1      | Reached skill level 1 in Dodging
   377 | D:1      | Reached XP level 2. HP: 12/16 MP: 1/3
   664 | D:1      | Reached XP level 3. HP: 14/20 MP: 4/4
  1171 | D:2      | Noticed Sigmund
  1171 | D:2      | XOM: 7-stop teleportation journey
  1301 | D:2      | XOM: silly message
  1397 | D:2      | XOM: 10-stop teleportation journey
  1407 | D:2      | HP: 1/20 [something (11)]
  1408 | D:2      | Slain by Sigmund

Illustrated notes

Levels and vault maps discovered:
D:1:      eino_arrival_water_star, layout_rooms, minmay_tetromino_s2
D:2:      layout_rooms, uniq_sigmund

Skill      XL: |  1  2  3 |
---------------+----------+-----
Dodging        | 1 |  1.3
Axes           | 3 |  3.1
Fighting       | 3 |  3.1
Armour         | 2 |  2.0

Action                   || total
-------------------------++-------
Melee: Hand axe          ||    83
       Bite              ||    17
Armor: Leather armour    ||    41
Dodge: Dodged            ||    66

Table legend: (Time is in decaauts)
 A = Elapsed time spent in this place.
 B = Non-inter-level travel time spent in this place.
 C = Inter-level travel time spent in this place.
 D = Time resting spent in this place.
 E = Time spent auto-exploring this place.
 F = Levels seen in this place.
 G = Mean time per level.
                   A        B        C        D        E       F      G
               +--------+--------+--------+--------+--------+-----+--------+
         Total |   1419 |   1405 |     14 |     49 |   1155 |   2 |  709.5 |
       Dungeon |   1419 |   1405 |     14 |     49 |   1155 |   2 |  709.5 |
               +--------+--------+--------+--------+--------+-----+--------+

Top non-repeatable levels by time:
     D:1: 1042 daAuts
     D:2: 377 daAuts
